 Dungeon Crawl Stone Soup version 0.17-a0-1798-g879a7aa (webtiles) character file.

179 luca467 the Insei (level 5, -1/94 HPs)
             Began as a Demonspawn Monk on Sept 10, 2015.
             Slain by a killer bee (6 damage)
             ... on level 3 of the Dungeon.
             The game lasted 00:14:16 (2222 turns).

luca467 the Insei (Demonspawn Monk)                 Turns: 2222, Time: 00:14:16

Health: -1/94      AC: 22    Str: 18    XL:     5   Next: 33%
Magic:  5/5        EV:  2    Int: 12    God:
Gold:   155        SH:  0    Dex: 16    Spells: 0 memorised, 4 levels left

rFire  . . .     SeeInvis .       - Unarmed
rCold  . . .     Clarity  +     (armour currently unavailable)
rNeg   + + +     SustAt   .     (no shield)
rPois  +         Gourm    +     (helmet currently unavailable)
rElec  .         Spirit   .     (cloak currently unavailable)
rCorr  .         Warding  .     (gloves currently unavailable)
rMut   .         NoTele   +     (boots currently unavailable)
MR     .....                    n - amulet of the gourmand
Stlth  ..........               (no ring)
                                (no ring)

@: berserking, lethally poisoned (-1 -> -8), tree-form, very quick, not
resistant to hostile enchantments, extremely unstealthy
A: (claws 0), (hooves 0), (large bone plates 0), clarity, strong 1
a: no special abilities


You were on level 3 of the Dungeon.
You were full.
You were a tree.
You visited 1 branch of the dungeon, and saw 3 of its levels.

You collected 155 gold pieces.

Inventory:

Armour
 a - a +0 robe (melded)
 p - a +0 helmet (melded)
Jewellery
 k - an uncursed amulet of stasis
 n - an amulet of the gourmand (around neck)
Scrolls
 c - a scroll of remove curse
 d - a scroll of fog {unknown}
 e - a scroll of teleportation {unknown}
 h - 2 scrolls of amnesia {unknown}
 m - a scroll of magic mapping {unknown}
 o - a scroll of blinking {unknown}
 r - a scroll of recharging {unknown}
 t - a scroll of identify
Potions
 f - a potion of cure mutation {unknown}
 l - a potion of invisibility {unknown}
 q - a potion of brilliance {unknown}
Comestibles
 b - 2 bread rations
 i - 3 fruits


   Skills:
 + Level 3.8 Fighting
 + Level 3.4 Dodging
 + Level 2.7 Stealth
 * Level 4.7 Unarmed Combat


You had 4 spell levels left.
You didn't know any spells.

Dungeon Overview and Level Annotations

Branches:
Dungeon (3/15)

Altars:
Ashenzari
The Shining One

Annotations:
D:2 Natasha


Innate Abilities, Weirdness & Mutations

((You have sharp fingernails.))
((You are partially covered in large bone plates (AC +2, SH +2).))
((You have large cloven feet.))
You possess an exceptional clarity of mind.
Your muscles are strong. (Str +2)


Message History

* * * LOW HITPOINT WARNING * * *
You feel sick.
The killer bee stings you but does no damage.
The killer bee stings you.
* * * LOW HITPOINT WARNING * * *
The rat bites you but does no damage.
You barely miss the killer bee.
The killer bee is lightly wounded.
* * * LOW HITPOINT WARNING * * *
You feel sick.
The killer bee stings you but does no damage.
You completely miss the killer bee.
The killer bee is lightly wounded.
The killer bee stings you but does no damage.
The rat bites you but does no damage.
You barely miss the killer bee. Your punch misses the killer bee.
The killer bee is lightly wounded.
* * * LOW HITPOINT WARNING * * *
You feel sick. The killer bee stings you.
You die...

#..........<.....
###...†.####.#...
##.#..).# #.##..
#####........##...[.
#.............####..
#.............# ##.
#..#...#......#####.
#...r###............
#.#♣## #......######
#.#y# #......# #


#yK .## #y## #l# #.# ... ... You could see 3 killer bees, a giant gecko, a
kobold and a rat.

Vanquished Creatures
  A killer bee (D:3)
  2 orc priests (D:3)
  2 adders (D:2)
  2 giant geckos
  5 orcs
  4 bats
  3 giant cockroaches (D:1)
  9 goblins
  9 hobgoblins
  A ball python (D:2)
  5 giant newts
  6 jackals
  5 kobolds
  4 rats
58 creatures vanquished.

Notes
Turn   | Place    | Note
--------------------------------------------------------------
     0 | D:1      | luca467 the Demonspawn Monk began the quest for the Orb.
     0 | D:1      | Reached XP level 1. HP: 18/18 MP: 1/1
   224 | D:1      | Gained mutation: You are partially covered in large bone plates (AC +2, SH +2). [demonic ancestry]
   224 | D:1      | Reached XP level 2. HP: 20/24 MP: 2/2
   819 | D:1      | Reached XP level 3. HP: 26/29 MP: 3/3
   909 | D:2      | Found a shattered altar of Ashenzari.
   927 | D:2      | Reached skill level 4 in Unarmed Combat
  1269 | D:2      | Noticed Natasha
  1314 | D:2      | Reached XP level 4. HP: 27/35 MP: 4/4
  1757 | D:3      | Found a glowing golden altar of the Shining One.
  1835 | D:3      | HP: 1/36 [orc priest/nerve-wracking pain (11)]
  1838 | D:3      | Gained mutation: You have sharp fingernails. [demonic ancestry]
  1838 | D:3      | Reached XP level 5. HP: 2/41 MP: 5/5
  2206 | D:3      | Gained mutation: You possess an exceptional clarity of mind. [potion of mutation]
  2206 | D:3      | Gained mutation: Your muscles are strong. (Str +2) [potion of mutation]
  2206 | D:3      | Gained mutation: You have large cloven feet. [potion of mutation]
  2222 | D:3      | Slain by a killer bee

Vault maps used:
D:1:      lemuel_arrival_river_bridge
D:2:      ashenzari_altar_1, first_bread, nicolae_ru_path_of_blood, uniq_natasha
D:3:      gammafunk_temple_overflow_statue, nicolae_gozag_seed_capital,
          lemuel_round_altar

Action                   |  1- 3 |  4- 6 || total
-------------------------+-------+-------++-------
Melee: Unarmed           |   159 |    88 ||   247
  Use: Scroll            |     3 |       ||     3
       Potion            |       |     6 ||     6
 Stab: Sleeping          |     4 |     2 ||     6
  Eat: Chunk             |     6 |    10 ||    16
